 Dungeon Crawl Stone Soup version 0.27-a0-1181-g5f64966fcc (webtiles) character file.

Game seed: 1392270634458308840

140 robertstho the Skirmisher (level 5, -5/48 HPs)
             Began as a Minotaur Berserker on May 17, 2021.
             Was a Believer of Trog.
             Slain by Eustachio
             ... wielding a +0 rapier
              (9 damage)
             ... on level 4 of the Dungeon.
             The game lasted 00:05:17 (3019 turns).

robertstho the Skirmisher (Minotaur Berserker)      Turns: 3019, Time: 00:05:19

Health: -5/48      AC:  8    Str: 22      XL:     5   Next: 2%
Magic:  4/4        EV: 10    Int:  5      God:    Trog [**....]
Gold:   122        SH:  0    Dex:  7 (9)  Spells: 4/4 levels left

rFire    . . .     SeeInvis .   p - +3 war axe (venom)
rCold    . . .     Faith    .   (no shield)
rNeg     . . .     Spirit   .   l - +0 scale mail
rPois    .         Reflect  .   (helmet restricted)
rElec    .         Harm     .   (no cloak)
rCorr    .         Rampage  .   (no gloves)
Will     .....                  o - +0 pair of boots
Stlth    ..........             (no amulet)
HPRegen  0.16/turn              (no ring)
MPRegen  0.09/turn              (no ring)

@: on berserk cooldown, slowed, very slow
A: horns 2, retaliatory headbutt
a: Renounce Religion, Berserk, Trog's Hand


You were on level 4 of the Dungeon.
You worshipped Trog.
Trog was pleased with you.
You visited 1 branch of the dungeon, and saw 4 of its levels.

You collected 158 gold pieces.
You spent 36 gold pieces at shops.

Inventory:

Hand Weapons
 p - a +3 war axe of venom (weapon)
Armour
 l - a +0 scale mail (worn)
 o - a +0 pair of boots (worn)
Scrolls
 c - a scroll of enchant armour
 g - a scroll of summoning
Potions
 a - a potion of might {unknown}
 d - 2 potions of curing
 h - a potion of heal wounds {unknown}
 k - 2 potions of magic
 n - 2 potions of ambrosia {unknown}


   Skills:
 * Level 5.4 Fighting
 + Level 4.9 Axes
 * Level 3.3 Armour
 + Level 2.5 Dodging
 - Level 0.1 Stealth


You had 4 spell levels left.
You didn't know any spells.
Your spell library was empty.

Dungeon Overview and Level Annotations

Branches:
Dungeon (4/15)
 Temple: D:4-7

Altars:
Kikubaaqudgha
Qazlal
Trog

Shops:
D:1 ==[?   D:2 (

Annotations:
D:1 761 amulet hat armour shop
D:4 Eustachio


Innate Abilities, Weirdness & Mutations

You have a pair of horns on your head.
You reflexively headbutt those who attack you in melee.


Message History

The quasit bites you but does no damage.
The quasit claws you but does no damage. x2
The quasit bites you but does no damage.
The quasit claws you.
The quasit claws you but does no damage.
Eustachio gestures wildly while chanting.
The iron imp disappears in a puff of smoke! x2
The bat hits you but does no damage. The white imp gestures at you.
The puff of frost hits you.
The quasit bites you but does no damage.
The quasit claws you but does no damage.
The quasit claws you.
You feel clumsy. The iron imp hits you. The bat hits you.
* * * LOW HITPOINT WARNING * * *
Eustachio hits you with a +0 rapier.
* * * LOW HITPOINT WARNING * * *
The bat barely misses you.
The quasit bites you but does no damage.
The quasit claws you but does no damage. x2
The white imp hits you but does no damage.
The iron imp hits you.
* * * LOW HITPOINT WARNING * * *
Eustachio casts a spell.
You can move again.
You feel better. The bat misses you.
The quasit bites you but does no damage.
The quasit barely misses you.
The quasit claws you but does no damage.
The river rat bites you but does no damage.
The white imp shouts, "Fly, thou unctious fat-kidneyed dingleberry!"
The white imp gestures at you. The puff of frost hits you!
* * * LOW HITPOINT WARNING * * *
The quasit barely misses you. The quasit claws you.
* * * LOW HITPOINT WARNING * * *
You feel clumsy. The quasit misses you. Eustachio hits you with a +0 rapier!
You die...

#......# #......#
##......# ##.......#
##........##
#####..........#
........§r......#
...###..§r55....# .
#(.§§@@....# ..
#....5b....#
.####....b....#
..##..........#
#.##..........#
#######.##..........#
......#.##..........#
....................#
###.#...#.........#


You could see Eustachio, an iron imp (summoned), a quasit (summoned), 2 river
rats, a white imp (summoned) and 2 bats.

Vanquished Creatures
  2 orc wizards
  2 adders
  A worm (D:3)
  A dart slug (D:1)
  9 orcs
  5 endoplasms
  3 giant cockroaches
  3 goblins
  4 hobgoblins
  7 kobolds
  5 quokkas
  5 ball pythons
  2 bats (D:1)
  6 frilled lizards
  4 rats
59 creatures vanquished.

Vanquished Creatures (others)
  A human (D:3)
1 creature vanquished.

Grand Total: 60 creatures vanquished

Notes
Turn   | Place    | Note
-------+----------+-------------------------------------------
     0 | D:1      | robertstho the Minotaur Berserker began the quest for the
                  | Orb.
     0 | D:1      | Reached XP level 1. HP: 19/19 MP: 0/0
     2 | D:1      | Noticed a felid
     4 | D:1      | Noticed a demigod
     4 | D:1      | Noticed a palentonga
     6 | D:1      | Noticed a vine stalker
     6 | D:1      | Noticed a spriggan
     8 | D:1      | Noticed a formicid
    10 | D:1      | Noticed an octopode
    10 | D:1      | Noticed an ogre
    12 | D:1      | Noticed a vampire
    12 | D:1      | Noticed an elf
    14 | D:1      | Noticed a draconian
    16 | D:1      | Noticed a merfolk
    16 | D:1      | Noticed a centaur
    18 | D:1      | Noticed a human
    18 | D:1      | Noticed a dwarf
    20 | D:1      | Noticed a naga
    20 | D:1      | Noticed a gargoyle
    22 | D:1      | Noticed a minotaur
    22 | D:1      | Noticed a tengu
    24 | D:1      | Noticed a ghoul
    24 | D:1      | Noticed a barachi
    26 | D:1      | Noticed a troll
    26 | D:1      | Noticed a demonspawn
    95 | D:1      | Reached skill level 4 in Fighting
   188 | D:1      | Reached XP level 2. HP: 21/27 MP: 1/1
   358 | D:1      | Found Xaosch's Jewellery Shoppe.
   384 | D:1      | Found Hanosoul's Jewellery Shoppe.
   753 | D:1      | Found Linioff's Antique Armour Shop.
   823 | D:1      | Found Awyopu's Magic Scroll Boutique.
   831 | D:1      | Bought a scroll of identify for 24 gold pieces
   831 | D:1      | Bought a scroll of noise for 12 gold pieces
  1131 | D:2      | Reached ** piety under Trog
  1261 | D:2      | Reached XP level 3. HP: 33/34 MP: 2/2
  1562 | D:2      | Found Xuoso's Antique Weapon Emporium.
  1648 | D:2      | Found a bloodstained altar of Trog.
  1877 | D:3      | Reached skill level 5 in Fighting
  2012 | D:3      | Reached XP level 4. HP: 26/42 MP: 3/3
  2265 | D:3      | Found a stormy altar of Qazlal.
  2282 | D:3      | Found an ancient bone altar of Kikubaaqudgha.
  2294 | D:3      | Noticed a human
  2295 | D:3      | Killed a human
  2732 | D:4      | Reached XP level 5. HP: 12/48 MP: 4/4
  3006 | D:4      | Noticed Eustachio
  3019 | D:4      | Slain by Eustachio

Illustrated notes

Levels and vault maps discovered:
D:1:      kb_arrival_jail, layout_loops_ring, serial_shops, shop,
          nicolae_shop_statue_plus, shop_statue, nicolae_shop_trees
D:2:      layout_rooms, serial_shops, nicolae_shop_overgrown_old_shop,
          basic_altar
D:3:      layout_loops_cross, tgw_kikubaaqudgha, general_overflow_altar
D:4:      layout_rooms, nicolae_vehumet_altar_sigil,
          nicolae_ossuary_entry_false_entrances, kennysheep_pointless_box,
          uniq_sigmund, uniq_eustachio, uniq_pikel, uniq_grinder

Skill      XL: |  1  2  3  4 |
---------------+-------------+-----
Fighting       | 4 5 |  5.4
Axes           | 4 |  4.9
Armour         | 3 |  3.3
Dodging        | |  2.5
Stealth        | |  0.1

Action                   |  1- 3 |  4- 6 || total
-------------------------+-------+-------++-------
Melee: Hand axe          |    84 |    31 ||   115
       Headbutt          |    13 |     3 ||    16
       War axe           |       |     1 ||     1
Invok: Berserk           |     1 |     3 ||     4
       Trog's Hand       |       |     1 ||     1
  Use: Scroll            |     4 |     6 ||    10
       Potion            |       |     2 ||     2
Armor: Animal skin       |    15 |       ||    15
       Scale mail        |     2 |    43 ||    45
Dodge: Dodged            |    58 |    20 ||    78

Table legend: (Time is in decaauts)
 A = Elapsed time spent in this place.
 B = Non-inter-level travel time spent in this place.
 C = Inter-level travel time spent in this place.
 D = Time resting spent in this place.
 E = Time spent auto-exploring this place.
 F = Levels seen in this place.
 G = Mean time per level.
                   A        B        C        D        E       F      G
               +--------+--------+--------+--------+--------+-----+--------+
         Total |   3054 |   2985 |     69 |      0 |   2607 |   4 |  763.5 |
       Dungeon |   3054 |   2985 |     69 |      0 |   2607 |   4 |  763.5 |
               +--------+--------+--------+--------+--------+-----+--------+

Top non-repeatable levels by time:
     D:1: 1109 daAuts
     D:3: 997 daAuts
     D:2: 617 daAuts
     D:4: 328 daAuts
